Map: Abyssal Reef LE

Players

LiquidMaNa (MaNa)

  • Race: Protoss Protoss
  • League: Master
  • Spawn Location: 11:00

ByuN - Winner!

  • Race: Terran Terran
  • Spawn Location: 5:00

Event: HomeStory Cup XV

VOD

Have the link to the VOD?

Description

Time

  • Played on: July 22, 2017, 6:40 a.m.
  • Length: 15:23

All games in this series

Show
View Real Time Build Order
Export as new Build Order

LiquidMaNa Protoss 

Build Orders: Oracle Opening, Colossus Rush 

Get SALT Encoding   

  12  0:00  Probe (Chrono Boost)  
  13  0:11  Probe (Chrono Boost)  
  14  0:17  Pylon  
  14  0:22  Probe (Chrono Boost)  
  15  0:35  Probe (Chrono Boost)  
  16  0:36  Gateway  
  16  0:45  Probe (Chrono Boost)  
  16  0:47  Assimilator  
  17  0:56  Probe (Chrono Boost)  
  18  0:57  Assimilator  
  18  1:06  Probe (Chrono Boost)  
  19  1:17  Probe (Chrono Boost)  
  20  1:24  Cybernetics Core  
  20  1:28  Probe (Chrono Boost), Pylon  
  21  1:38  Probe (Chrono Boost)  
  22  1:49  Probe (Chrono Boost)  
  23  1:58  Nexus  
  23  2:05  Stargate  
  23  2:10  Adept (Chrono Boost)  
  23  2:13  Probe  
  26  2:17  Warp Gate  
  26  2:25  Probe  
  25  2:38  Probe (Chrono Boost)  
  25  2:41  Adept  
  25  2:44  Pylon  
  28  2:50  Oracle (Chrono Boost)  
  31  3:02  Probe  
  32  3:08  Probe  
  32  3:09  Adept  
  35  3:14  Probe (Chrono Boost)  
  36  3:20  Probe (Chrono Boost)  
  36  3:26  Mothership Core (Chrono Boost)  
  39  3:31  Probe (Chrono Boost)  
  39  3:37  Robotics Facility  
  39  3:42  Probe (Chrono Boost)  
  39  3:44  Probe (Chrono Boost)  
  39  3:45  Assimilator  
  39  3:47  Assimilator  
  41  3:52  Probe (Chrono Boost)  
  41  3:54  Probe (Chrono Boost)  
  43  4:03  Probe (Chrono Boost)  
  43  4:05  Probe (Chrono Boost)  
  45  4:13  Probe (Chrono Boost)  
  45  4:15  Gateway x2  
  45  4:16  Probe (Chrono Boost)  
  47  4:18  Pylon  
  47  4:23  Probe (Chrono Boost)  
  48  4:25  Observer (Chrono Boost)  
  48  4:26  Probe  
  50  4:33  Probe  
  50  4:34  Robotics Bay  
  52  4:38  Probe  
  52  4:40  Sentry  
  52  4:44  Observer (Chrono Boost), Probe (Chrono Boost)  
  55  4:50  Probe (Chrono Boost), Pylon  
  57  4:56  Probe (Chrono Boost)  
  58  5:02  Probe (Chrono Boost)  
  58  5:03  Pylon  
  59  5:09  Immortal (Chrono Boost)  
  63  5:14  Probe x2 (Chrono Boost)  
  63  5:20  Extended Thermal Lance  
  65  5:23  Pylon  
  65  5:25  Probe x2 (Chrono Boost)  
  67  5:36  Probe  
  67  5:37  Probe  
  69  5:45  Colossus (Chrono Boost)  
  75  5:57  Phoenix (Chrono Boost)  
  75  6:01  Zealot, Sentry  
  75  6:03  Nexus  
  81  6:05  Pylon  
  81  6:09  Pylon  
  81  6:21  Gateway  
  81  6:25  Zealot, Colossus  
  81  6:26  Zealot  
  81  6:29  Phoenix (Chrono Boost)  
  93  6:44  Probe x2  
  95  6:50  Forge  
  95  6:51  Gateway  
  95  6:55  Pylon  
  95  6:57  Pylon, Phoenix (Chrono Boost)  
  97  7:09  Zealot  
  97  7:10  Zealot  
  97  7:12  Colossus  
  91  7:40  Stalker  
  91  7:41  Stalker  
  91  7:42  Stalker  
  97  7:47  Probe  
  97  7:48  Probe x2  
  94  7:58  Colossus  
  94  8:03  Zealot x3, Probe x2  
  102  8:05  Stalker  
  102  8:06  Probe, Stalker  
  102  8:08  Phoenix (Chrono Boost)  
  115  8:15  Probe  
  115  8:17  Probe  
  113  8:23  Protoss Ground Armor Level 1 (Chrono Boost)  
  113  8:24  Forge  
  113  8:26  Twilight Council  
  113  8:27  Pylon  
  113  8:28  Pylon  
  113  8:30  Phoenix (Chrono Boost)  
  115  8:35  Probe  
  115  8:36  Probe  
  115  8:40  Photon Cannon  
  116  8:44  Assimilator  
  116  8:46  Probe, Assimilator  
  116  8:47  Immortal  
  116  8:48  Probe  
  122  8:58  Protoss Ground Weapons Level 1 (Chrono Boost)  
  122  9:05  Charge  
  122  9:07  Nexus  
  122  9:11  Probe x2  
  124  9:18  Phoenix  
  124  9:19  Zealot x3  
  132  9:26  Pylon  
  132  9:27  Pylon  
  132  9:39  Pylon, Immortal  
  132  9:40  Pylon  
  136  9:45  Phoenix  
  134  9:55  Sentry x2  
  134  9:57  Probe x2  
  140  10:00  Pylon, Protoss Ground Armor Level 2 (Chrono Boost)  
  140  10:02  Templar Archives  
  140  10:07  Stalker  
  140  10:08  Stalker x2  
  146  10:16  Photon Cannon  
  146  10:21  Immortal  
  146  10:28  Gateway  
  150  10:29  Stalker, Gateway  
  150  10:32  Psionic Storm  
  150  10:34  Zealot x2  
  156  10:44  High Templar x2  
  160  10:53  Phoenix  
  160  10:55  Pylon  
  160  10:57  Pylon, Immortal  
  162  10:59  High Templar x2  
  162  11:00  Photon Cannon  
  162  11:04  Archon  
  170  11:08  Probe  
  159  11:19  Probe  
  152  11:29  Zealot x3  
  137  11:34  Zealot x2  
  141  11:41  Protoss Ground Weapons Level 2 (Chrono Boost), Immortal  
  141  11:44  Gateway  
  145  11:50  High Templar x3  
  145  11:51  High Templar  
  145  11:52  Zealot  
  155  11:54  Assimilator  
  155  11:55  Archon x2  
  155  11:58  Assimilator  
  143  12:15  Stalker x3  
  133  12:25  Stalker x4  
  141  12:35  Blink (Chrono Boost)  
  141  12:38  Stalker x3  
  141  12:44  Stalker  
  141  12:48  Zealot x2  
  141  12:49  Zealot  
  141  12:50  Zealot  
  137  13:08  Zealot, Stalker x2  
  137  13:09  Zealot x2  
  145  13:16  High Templar x2  
  141  13:20  Stalker  
  141  13:25  Archon  
  141  13:26  Immortal  
  143  13:37  Archon  
  139  13:41  Zealot x5  
  139  13:45  High Templar  
  145  13:49  High Templar  
  145  13:55  High Templar  
  135  14:07  Zealot x3, Stalker  
  135  14:08  Zealot  
  129  14:31  Zealot x8  
  129  14:33  Archon  
  103  14:51  High Templar  
  103  14:52  High Templar x2  
  105  14:53  High Templar  
  105  14:54  Zealot x4  
  115  15:06  Archon  
  97  15:16  Zealot x3, Sentry  
Show
View Real Time Build Order
Export as new Build Order

ByuN Terran - Winner!

Build Orders: Reaper Expand, MMM Bio 

Get SALT Encoding   

  12  0:00  SCV  
  13  0:12  SCV  
  14  0:17  Supply Depot  
  14  0:24  SCV  
  15  0:38  SCV  
  15  0:39  Barracks  
  16  0:43  Refinery  
  16  0:51  SCV  
  17  1:03  SCV  
  18  1:15  SCV  
  19  1:25  Reaper  
  19  1:27  Orbital Command  
  20  1:39  Command Center  
  20  1:49  Supply Depot  
  20  1:54  SCV  
  20  1:57  Marine  
  22  2:04  Factory  
  22  2:07  SCV  
  23  2:12  Refinery  
  23  2:19  SCV  
  23  2:21  Barracks Reactor  
  24  2:31  SCV  
  25  2:43  SCV  
  26  2:48  Starport  
  26  2:51  Widow Mine  
  26  2:55  SCV, Orbital Command  
  26  2:57  Marine x2  
  31  3:07  SCV  
  32  3:15  Marine x2  
  32  3:19  SCV  
  35  3:20  Widow Mine  
  35  3:23  SCV  
  35  3:25  Viking  
  40  3:32  SCV  
  40  3:33  Marine x2  
  42  3:35  SCV  
  42  3:37  Supply Depot  
  43  3:44  SCV  
  43  3:47  SCV  
  45  3:51  Marine  
  46  3:57  SCV  
  46  3:58  Marine  
  46  3:59  SCV  
  46  4:09  SCV  
  47  4:10  Factory Tech Lab, Starport Tech Lab  
  47  4:11  SCV  
  47  4:12  Barracks  
  47  4:14  Barracks  
  47  4:15  Bunker  
  47  4:16  Marine x2  
  50  4:21  SCV, Supply Depot  
  50  4:23  SCV  
  52  4:30  Engineering Bay  
  52  4:34  SCV  
  52  4:35  Marine  
  52  4:37  Starport Reactor  
  54  4:42  Marine, Factory Reactor  
  54  4:43  SCV  
  56  4:49  SCV  
  57  4:52  Marine  
  57  4:55  SCV  
  57  4:57  Refinery, Terran Infantry Weapons Level 1  
  59  5:00  Marine  
  59  5:02  SCV  
  59  5:05  Stimpack  
  61  5:07  SCV  
  61  5:10  Supply Depot  
  61  5:11  Supply Depot  
  61  5:12  Marauder x2, Marine  
  67  5:18  Marine  
  67  5:20  Combat Shields  
  68  5:21  SCV x2  
  70  5:31  Widow Mine x2  
  70  5:32  Medivac x2  
  70  5:33  Supply Depot  
  70  5:34  Marauder  
  80  5:36  Marauder  
  80  5:37  Marine  
  80  5:38  Marine  
  86  5:43  SCV x2  
  86  5:48  Supply Depot  
  86  5:55  SCV x2  
  86  5:57  Marauder x2  
  90  5:58  Marine x2  
  94  6:09  Medivac x2  
  94  6:11  Supply Depot  
  98  6:20  Command Center  
  98  6:23  Marine x2  
  100  6:29  Marauder, Liberator  
  100  6:30  Liberator  
  104  6:33  Marauder  
  104  6:34  Supply Depot  
  104  6:46  Barracks  
  107  6:48  Barracks  
  107  6:52  Refinery  
  110  6:56  SCV x2  
  110  6:58  Supply Depot  
  112  7:08  SCV x2  
  113  7:10  Marauder  
  113  7:11  Marauder  
  113  7:12  Marine  
  109  7:19  Marine  
  109  7:21  Concussive Shells  
  108  7:23  SCV x2  
  108  7:25  Supply Depot  
  110  7:30  Marine  
  110  7:32  Marauder x2  
  110  7:34  Terran Infantry Armor Level 1  
  110  7:36  Marine  
  111  7:37  SCV x2  
  110  7:47  Orbital Command  
  110  7:48  Marine  
  110  7:49  SCV  
  112  7:53  Marauder x2  
  112  7:54  Marine  
  112  8:04  Barracks Tech Lab  
  107  8:06  Marine  
  107  8:08  SCV x2, Starport  
  107  8:11  Factory Reactor  
  107  8:12  Marine  
  105  8:15  Marauder x2  
  105  8:19  Marine x2  
  108  8:22  SCV  
  108  8:23  SCV x2  
  108  8:25  Medivac  
  108  8:26  Medivac  
  113  8:27  Armory  
  113  8:28  Marine x2  
  113  8:29  Engineering Bay  
  115  8:34  Refinery x2  
  115  8:35  SCV x3, Missile Turret  
  115  8:36  Marauder  
  115  8:37  Supply Depot  
  120  8:42  Marine x3  
  120  8:47  Marauder x2  
  127  8:51  SCV x3  
  130  8:57  Marauder  
  130  8:58  Supply Depot  
  130  8:59  Viking x2, Supply Depot  
  136  9:03  Viking  
  136  9:04  Marine x4, Viking  
  136  9:08  Supply Depot  
  144  9:10  Marauder  
  144  9:11  Marauder  
  148  9:19  Marauder, Terran Infantry Weapons Level 2  
  148  9:21  Terran Ship Weapons Level 1  
  148  9:22  Marine x4  
  151  9:34  Viking x2  
  151  9:35  Viking x2  
  159  9:41  Marauder x2  
  159  9:44  Supply Depot  
  159  9:56  Marauder, Marine x2  
  159  9:57  Marine x2  
  162  10:02  Marauder x2  
  162  10:03  Terran Infantry Armor Level 2  
  162  10:04  Command Center  
  166  10:12  Supply Depot  
  166  10:16  Viking x2  
  166  10:18  Viking  
  172  10:23  Viking  
  174  10:34  Marine x4  
  178  10:36  Liberator x4  
  178  10:42  Marauder x2  
  184  10:43  Marauder  
  196  11:13  Marine x3  
  196  11:16  Marauder, Marine  
  196  11:18  Missile Turret  
  200  11:24  Marauder  
  200  11:25  Liberator, Marauder  
  199  11:31  Marine x2  
  194  11:38  Marauder, Barracks x2  
  196  11:40  Barracks  
  196  11:45  Planetary Fortress  
  196  11:46  Terran Infantry Weapons Level 3  
  199  11:47  Terran Ship Weapons Level 2  
  199  12:02  Ghost Academy  
  199  12:11  Medivac x2  
  199  12:19  Marine  
  200  12:27  Barracks Reactor, Barracks Tech Lab x2  
  200  12:31  Command Center x2  
  200  12:39  Command Center  
  198  12:44  Ghost  
  198  12:48  Ghost x2  
  199  13:00  Ghost  
  199  13:01  Marine x2  
  170  13:09  Marine x4  
  166  13:22  Ghost x2  
  163  13:31  Ghost x2  
  163  13:34  Marine x2  
  167  13:38  Marine x2  
  167  13:46  Medivac x2  
  167  13:48  Ghost  
  160  13:55  Marine x3  
  161  13:57  Ghost  
  161  13:59  Marine x2  
  161  14:00  Marine  
  161  14:02  Marauder  
  162  14:03  Marine x2  
  162  14:08  Planetary Fortress  
  163  14:12  Orbital Command  
  163  14:21  Marine  
  163  14:22  Marine x6  
  163  14:23  Marauder  
  174  14:24  Marauder  
  170  14:34  Marauder x2  
  164  14:40  Marine x3, Ghost  
  164  14:41  Marine x2  
  164  14:43  Ghost  
  164  14:44  Ghost  
  155  14:47  Marine  
  152  14:55  Marauder x2  
  152  14:57  Marine x2  
  152  14:58  Marine  
  152  14:59  Marine  
Tags
 
Add a new tag
Caveats
  • Supply blocks, unpowered buildings, or Contaminate may cause inaccurate times.
  • Supply counts are checked every 10 seconds.